 Dungeon Crawl Stone Soup version 0.32-a0-630-g46d191b0ed (webtiles) character file.

Game seed: 1812872518822036429

266 dialectric the Sneak (level 6, 0/39 HPs)
             Began as an Octopode Brigand on Mar 6, 2024.
             Was a Follower of Lugonu.
             Slain by an orc
             ... wielding a +0 whip
              (4 damage)
             ... on level 4 of the Dungeon.
             The game lasted 00:02:19 (2563 turns).

dialectric the Sneak (Octopode Brigand)             Turns: 2563, Time: 00:02:19

Health: 0/39       AC:  1    Str: 10    XL:     6   Next: 20%
Magic:  6/6        EV: 14    Int: 14    God:    Lugonu [*.....]
Gold:   168        SH:  0    Dex: 21    Spells: 5/5 levels left

rFire   . . .        a - +2 dagger
rCold   . . .        (no shield)
rNeg    . . .        (helmet restricted)
rPois   .            (no amulet)
rElec   .            n - +6 ring of dexterity
rCorr   .            (no ring)
SInv    .            (no ring)
Will    .....        (no ring)
Stlth   +++          (no ring)
HPRegen 0.26/turn    (no ring)
MPRegen 0.10/turn    (no ring)
                     (no ring)

%: no passive effects
@: confused
A: almost no armour, amphibious, 8 rings, camouflage 1, gelatinous body 1,
(nimble swimmer 1), tentacles
a: Renounce Religion, Depart the Abyss


You were on level 4 of the Dungeon.
You worshipped Lugonu.
Lugonu was aware of your devotion.
You visited 1 branch of the dungeon, and saw 4 of its levels.

You collected 168 gold pieces.

Inventory:

Hand Weapons
 a - a +2 dagger (weapon)
Missiles
 b - 16 poisoned darts (quivered)
 c - 3 curare-tipped darts
Armour
 e - a +0 tower shield
Jewellery
 m - a ring of ice
 n - a +6 ring of dexterity (left tentacle)
Talismans
 q - a serpent talisman
 s - a blade talisman
 t - a flux talisman
Scrolls
 d - 2 scrolls of enchant armour {unknown}
 g - 2 scrolls of revelation {unknown}
 k - a scroll of butterflies {unknown}
 o - a scroll of teleportation {unknown}
 p - a scroll of blinking {unknown}
 r - a scroll of identify {unknown}
Potions
 f - 4 potions of heal wounds {unknown}
 h - 2 potions of curing {unknown}
 i - 2 potions of brilliance {unknown}
 j - a potion of degeneration {unknown}
 l - a potion of magic {unknown}


   Skills:
 - Level 2.0 Fighting
 + Level 3.3 Short Blades
 - Level 3.1 Throwing
 + Level 2.7 Dodging
 + Level 6.6 Stealth
 + Level 2.4 Shields


You had 5 spell levels left.
You didn't know any spells.
Your spell library contained the following spells:

 Spells                   Type           Power      Damage    Failure   Level
 Apportation              Tloc           0%         N/A       28%         1
 Foxfire                  Conj/Fire      0%         2x1d4     28%         1
 Necrotise                Necr           0%         1d4       28%         1
 Sting                    Conj/Alch      0%         1d3       28%         1
 Summon Small Mammal      Summ           0%         N/A       28%         1
 Plasma Beam              Fire/Air       0%         2x1d10    100%        6
 Starburst                Conj/Fire      0%         6d3       100%        6


Dungeon Overview and Level Annotations

Branches:
Dungeon (4/15)
 Temple: D:4-7

Altars:
Cheibriados
Makhleb
Nemelex Xobeh
Trog
Lugonu


Innate Abilities, Weirdness & Mutations

You cannot wear most types of armour.
You are amphibious.
You can wear up to eight rings at the same time.
Your skin changes colour to match your surroundings (Stealth+).
Your rubbery body absorbs attacks. (AC +1, EV +1)
((You are camouflaged when in or above water. (Stealth+)))
You have tentacles for arms and can constrict up to eight enemies at once.


Message History

The orc throws a boomerang.
The boomerang hits you.
You climb upwards.
Reactivating autopickup.
There is a stone staircase leading down here.
Unknown command.
You start resting.
HP restored.
You climb downwards.
The orc closely misses you. The orc barely misses you.
The orc priest misses you.
The orc wizard mumbles some strange words.
The orc wizard flickers and vanishes!
Deactivating autopickup; reactivate with Ctrl-A.
There is a stone staircase leading up here.
The orc misses you. The orc hits you with a +0 short sword.
The orc priest hits you with a +0 hand axe.
The orc throws a boomerang.
The boomerang misses you.
You are confused.
In your confused state, you trip and fall back down the stairs.
The orc closely misses you. The orc barely misses you.
The orc priest misses you. The orc barely misses you.
The orc throws a boomerang.
The boomerang barely misses you.
Unknown command.
Unknown command.
The orc hits you with a +0 whip. The orc closely misses you.
The orc priest calls down the wrath of Beogh upon you.
Beogh smites you!
The orc throws a boomerang.
The boomerang barely misses you.
The orc wizard gestures wildly while chanting.
The orc wizard flickers and vanishes!
In your confused state, you trip and fall back down the stairs.
The orc misses you. The orc hits you with a +0 short sword.
The orc priest hits you with a +0 hand axe.
The orc barely misses you.
The orc wizard gestures at you while chanting.
The magic dart hits you!
* * * LOW HITPOINT WARNING * * *
Unknown command.
Unknown command.
Unknown command.
The orc hits you with a +0 whip.
You die...

... .. #.# .#
########.##.####.
.................
.................
.................
.......oo........
.§.....@oS.......
.§§.§§§.o.....$..
§§≈≈≈≈§.o##.?.###
§..?{o≈§.# ...#
###.#§§§.. ....
oo.#.≈.... .....
#.o #.≈.... ....
#. #.≈..##. #..#


You could see an orc priest, an orc wizard, an adder and 4 orcs.

Vanquished Creatures
  Sigmund (D:3)
  Jessica (D:3)
  2 adders
  A ribbon worm (D:2)
  5 orcs (D:3)
  2 ball pythons
  6 endoplasms
  2 giant cockroaches
  8 hobgoblins
  2 jackals (D:2)
  2 quokkas
  7 bats
  2 frilled lizards (D:1)
  7 goblins
  3 kobolds
  10 rats
61 creatures vanquished.

Notes
Turn   | Place    | Note
-------+----------+-------------------------------------------
     0 | D:1      | dialectric the Octopode Brigand began the quest for the
                  | Orb.
     0 | D:1      | Reached XP level 1. HP: 14/14 MP: 1/1
   122 | D:1      | Reached XP level 2. HP: 19/19 MP: 2/2
   776 | D:2      | Reached XP level 3. HP: 18/24 MP: 3/3
   866 | D:2      | Reached skill level 1 in Shields
   992 | D:2      | Found a snail-covered altar of Cheibriados.
  1023 | D:2      | Found a faded altar of an unknown god.
  1034 | D:2      | Prayed at the altar of an unknown god.
  1034 | D:2      | Became a worshipper of Lugonu the Unformed
  1034 | D:2      | Reached * piety under Lugonu
  1574 | D:3      | Noticed Sigmund
  1581 | D:3      | Killed Sigmund
  1582 | D:3      | Reached skill level 6 in Stealth
  1582 | D:3      | Reached XP level 4. HP: 29/29 MP: 4/4
  1582 | D:3      | Reached XP level 5. HP: 34/34 MP: 5/5
  1633 | D:3      | Noticed Jessica
  1638 | D:3      | Killed Jessica
  1639 | D:3      | Reached XP level 6. HP: 24/39 MP: 6/6
  1738 | D:3      | Found a burning altar of Makhleb.
  1839 | D:3      | Found a sparkling altar of Nemelex Xobeh.
  2473 | D:4      | Found a bloodstained altar of Trog.
  2563 | D:4      | Slain by an orc

Illustrated notes

Levels and vault maps discovered:
D:1:      nicolae_arrival_washed_ashore, layout_loops_ring
D:2:      layout_loops_ring, ebering_ecumenical_altar_hall, basic_altar,
          kennysheep_generic_room_10
D:3:      layout_basic, overflow_temple_1_default, nemelex_dance_club_becter,
          wad_orctagon, uniq_jessica, uniq_sigmund
D:4:      gammafunk_wand_slinger, layout_gridville,
          nicolae_qazlal_beasts_of_the_sky, mainiacjoe_overflow_brackets,
          serial_shops, nicolae_shop_scrapyard

Skill      XL: |  1  2  3 |
---------------+----------+-----
Shields        | 2 |  2.4
Short Blades   | 3 |  3.3
Throwing       | 3 |  3.1
Dodging        | 2 |  2.7
Stealth        | 6 |  6.6
Fighting       | |  2.0

Action                     |  1- 3 |  4- 6 || total
---------------------------+-------+-------++-------
  Melee: Dagger            |    59 |    26 ||    85
         Tentacles         |    10 |     1 ||    11
         Constrict         |    11 |     7 ||    18
   Stab: Sleeping          |    22 |    12 ||    34
         Distracted        |     1 |       ||     1
 Armour: Skin              |    14 |    15 ||    29
  Dodge: Dodged            |    15 |    20 ||    35

Table legend: (Time is in decaauts)
 A = Elapsed time spent in this place.
 B = Non-inter-level travel time spent in this place.
 C = Inter-level travel time spent in this place.
 D = Time resting spent in this place.
 E = Time spent auto-exploring this place.
 F = Levels seen in this place.
 G = Mean time per level.
                   A        B        C        D        E       F      G
               +--------+--------+--------+--------+--------+-----+--------+
         Total |   2551 |   2410 |    141 |     77 |   1946 |   4 |  637.8 |
       Dungeon |   2551 |   2410 |    141 |     77 |   1946 |   4 |  637.8 |
               +--------+--------+--------+--------+--------+-----+--------+

Top non-repeatable levels by time:
     D:3: 1017 daAuts
     D:2: 768 daAuts
     D:1: 754 daAuts
     D:4: 11 daAuts
